 Dungeon Crawl Stone Soup version 0.19-a0-1100-g56b2fe9 (webtiles) character file.

322 Jmtri7 the Ducker (level 6, 0/37 HPs)
             Began as a Tengu Monk on Aug 8, 2016.
             Slain by Edmund
             ... wielding a +2 dire flail of crushing
              (1 damage)
             ... on level 4 of the Dungeon.
             The game lasted 00:06:04 (2985 turns).

Jmtri7 the Ducker (Tengu Monk)                      Turns: 2985, Time: 00:06:04

Health: 0/37       AC:  2    Str: 12    XL:     6   Next: 47%
Magic:  5/7        EV: 21    Int: 10    God:
Gold:   151        SH:  0    Dex: 18    Spells: 0 memorised, 5 levels left

rFire  . . .     SeeInvis .     a - +0 falchion
rCold  . . .     Gourm    .     b - +0 robe
rNeg   . . .     Faith    .     (no shield)
rPois  .         Spirit   .     (helmet restricted)
rElec  .         Dismiss  .     (no cloak)
rCorr  .         Reflect  .     (no gloves)
SustAt .         Harm     .     (boots unavailable)
MR     .....                    (no amulet)
Stlth  +.........               (no ring)
                                q - ring of loudness (curse)

@: flying quickly and evasively, quick
A: beak, talons 3, able to fly 1
a: no special abilities


You were on level 4 of the Dungeon.
You were not hungry.

You visited 1 branch of the dungeon, and saw 4 of its levels.

You collected 151 gold pieces.

Inventory:

Hand Weapons
 a - a +0 falchion (weapon)
 t - the +8 shortbow "Culawn" {speed, -Tele +Inv Int+2 Stlth+}
   (You found it on level 4 of the Dungeon)

   Attacks with this weapon are significantly faster.
   It affects your intelligence (+2).
   It lets you turn invisible.
   It prevents most forms of teleportation.
   It makes you more stealthy.
Armour
 b - a +0 robe (worn)
Jewellery
 q - a cursed ring of loudness (left hand)
Scrolls
 d - 6 scrolls of identify {unknown}
 e - a scroll of immolation {unknown}
 h - a scroll of enchant weapon {unknown}
 i - a scroll of teleportation {unknown}
 j - 2 scrolls of noise {unknown}
 n - 2 scrolls of enchant armour {unknown}
 o - a scroll of fear {unknown}
 s - 3 scrolls of amnesia {unknown}
Potions
 g - a potion of curing {unknown}
 k - a potion of heal wounds {unknown}
 p - a potion of brilliance {unknown}
 r - a potion of might {unknown}
Books
 f - a book of Spatial Translocations

   Spells                             Type                      Level
   a - Apportation                    Translocation                1
   b - Blink                          Translocation                2
   c - Shroud of Golubria             Charms/Translocation         2
   d - Portal Projectile              Translocation                3
   e - Teleport Other                 Translocation                3
   f - Passage of Golubria            Translocation                4
Comestibles
 c - 4 bread rations
 m - a beef jerky


   Skills:
 - Level 3.0 Fighting
 - Level 3.2 Long Blades
 + Level 7.7 Dodging
 - Level 2.0 Stealth


You had 5 spell levels left.
You didn't know any spells.

Dungeon Overview and Level Annotations

Branches:
Dungeon (4/15)
 Temple: D:4-7

Altars:
Fedhas
Hepliaklqana
Nemelex Xobeh
Ru
Yredelemnul

Annotations:
D:4 Edmund


Innate Abilities, Weirdness & Mutations

You have a beak for a mouth.
You have claws for feet.
You can fly.


Message History

Edmund is heavily wounded.
You closely miss Edmund. Your peck misses Edmund.
Edmund is heavily wounded.
Edmund hits you with a dire flail of crushing!
* * * LOW HITPOINT WARNING * * *
x2 You closely miss Edmund.
Your peck misses Edmund.
Edmund is heavily wounded.
Edmund completely misses you.
You riposte.
You hit Edmund but do no damage. Your kick misses Edmund.
Edmund is heavily wounded.
You slash Edmund!
Edmund is severely wounded.
Edmund closely misses you.
You riposte.
You hit Edmund.
Edmund is severely wounded.
All of the chunks of flesh in your inventory have rotted away.
You barely miss Edmund. You claw Edmund.
Edmund is almost dead.
Edmund hits you with a dire flail of crushing.
* * * LOW HITPOINT WARNING * * *
You die...

#### #.. ##+# #.#
##...######.####
##.....#........# .
##........###.#<.##..
#.........###........
+......@..+.......#.#
#.....@...###.......#
##........# #.#..####
##.....#.# #.##.#
##...##.###.##.# ##+#
#........# #
#####.#### #. #.#
#.##### #.#


You could see Edmund.

Vanquished Creatures
  The ghost of TrogTrogTrog the Poker, an amateur NaFi (D:3)
  2 hounds (D:4)
  An orc wizard (D:3)
  Terence (D:2)
  4 adders
  An ooze (D:1)
  A dart slug (D:2)
  3 giant geckos
  8 bats
  4 giant cockroaches
  10 hobgoblins
  4 jackals (D:2)
  2 quokkas
  9 goblins
  10 kobolds
  11 rats
72 creatures vanquished.

Notes
Turn   | Place    | Note
-------+----------+-------------------------------------------
     0 | D:1      | Jmtri7 the Tengu Monk began the quest for the Orb.
     0 | D:1      | Reached XP level 1. HP: 14/14 MP: 2/2
    91 | D:1      | Reached XP level 2. HP: 4/19 MP: 3/3
   335 | D:1      | Reached skill level 4 in Dodging
   453 | D:1      | Reached XP level 3. HP: 13/23 MP: 4/4
   716 | D:2      | Reached skill level 5 in Dodging
   800 | D:2      | Noticed Terence
   812 | D:2      | Reached XP level 4. HP: 16/28 MP: 5/5
  1027 | D:2      | Killed Terence
  1407 | D:2      | Found a hazy altar of Hepliaklqana.
  1596 | D:2      | Reached skill level 6 in Dodging
  1601 | D:2      | Gained mutation: You can fly. [Tengu growth]
  1601 | D:2      | Reached XP level 5. HP: 31/32 MP: 6/6
  1630 | D:3      | Found a basalt altar of Yredelemnul.
  1647 | D:3      | Noticed TrogTrogTrog's ghost (amateur NaFi)
  1665 | D:3      | Killed TrogTrogTrog's ghost
  1665 | D:3      | Reached skill level 7 in Dodging
  1924 | D:3      | Reached XP level 6. HP: 4/37 MP: 7/7
  2208 | D:3      | Found a blossoming altar of Fedhas.
  2339 | D:3      | Found a sacrificial altar of Ru.
  2499 | D:3      | Found a sparkling altar of Nemelex Xobeh.
  2880 | D:4      | Got a crystal shortbow
  2882 | D:4      | Identified the +8 shortbow "Culawn" {speed, -Tele +Inv Int+2 Stlth+} (You found it on level 4 of the Dungeon)
  2968 | D:4      | Noticed Edmund
  2985 | D:4      | HP: 1/37 [Edmund/dire flail of crushing (6)]
  2985 | D:4      | Slain by Edmund

Vault maps used:
D:1:      nicolae_arrival_memento_mori, minmay_tromino_v7
D:2:      overflow_temple_1_default, first_bread, uniq_terence
D:3:      lemuel_coloured_pillars_altar, nicolae_overflow_hidden_temple,
          yredelemnul_altar_generic, lemuel_doored_altar, minmay_misc_feat_cross
D:4:      gammafunk_temple_overflow_elements, uniq_edmund

Skill      XL: |  1  2  3  4  5 |
---------------+----------------+-----
Dodging        | 4 5 6 7 |  7.7
Fighting       | |  3.0
Long Blades    | |  3.2
Stealth        | |  2.0

Action                   |  1- 3 |  4- 6 || total
-------------------------+-------+-------++-------
Melee: Falchion          |   114 |   184 ||   298
       Kick              |    26 |    46 ||    72
       Peck              |    18 |    47 ||    65
 Abil: Fly               |       |     2 ||     2
 Stab: Sleeping          |     3 |     3 ||     6
  Eat: Chunk             |       |     7 ||     7
Armor: Robe              |    11 |     9 ||    20
Dodge: Dodged            |    75 |   119 ||   194
